General information
- name: BNet
- type: Ladder team game (AT/RT)
- host: Battle.net
- saver: Jaudizlauziadmi
map: FullScaleAssault
- players: 8
- length: 67:23
- speed: Fast
- version: 1.26 W3XP
- replay type: Public
» download(301 KB)
Players
team 1 (winner)
Jaudizlauziadmi (
red | 71 APM | 4756 actions | 67:23)
9 Archmage
3 Summon Water Elemental
3 Brilliance Aura
1 Mass Teleport
2 Blizzard
1 Blademaster
1 Wind Walk
» actions
| Assign group hotkey | 90 | |
| Basic commands | 112 | |
| Build / train | 192 | |
| ESC pressed | 8 | |
| Enter build submenu | 90 | |
| Enter hero's abilities submenu | 10 | |
| Give item / drop item | 2 | |
| Remove unit from queue | 1 | |
| Right click | 2113 | |
| Select / deselect | 1153 | |
| Select group hotkey | 697 | |
| Use ability | 288 | |
4756 total
» units
| Peasant | 25 | |
| Footman | 11 | |
| Peon | 4 | |
| Kodo Beast | 1 | |
| Flying Machine | 30 | |
| Troll Headhunter/Berserker | 2 | |
| Tauren | 1 | |
| Siege Engine | 4 | |
| Blue Dragon | 1 | |
| Blue Dragon Whelp | 1 | |
| Knight | 5 | |
| Spell Breaker | 6 | |
| Mortar Team | 12 | |
| Sorceress | 2 | |
105 total
» upgrades
| Defend | 1 | |
| Masonry | 3 | |
| Pillage | | |
| Reinforced Defenses | 1 | |
| Gunpowder | 3 | |
| Troll Regeneration | 1 | |
| Lumber Harvesting | 2 | |
| Flying Machine Bombs | 1 | |
| Flak Cannons | 1 | |
| Plating | 3 | |
| Barrage | 1 | |
| Melee Weapons | 1 | |
| War Drums Damage Increase | 1 | |
| Magic Sentry | 1 | |
| Animal War Training | 1 | |
| Sorceress Training | 1 | |
| Fragmentation Shards | 1 | |
| Flare | 1 | |
| Armor | 1 | |
25 total
» buildings
| Altar of Kings | 1 | |
| Farm | 10 | |
| Barracks | 1 | |
| Arcane Vault | 1 | |
| Town Hall | 6 | |
| Scout Tower | 51 | |
| Arcane Tower | 4 | |
| Lumber Mill | 2 | |
| Guard Tower | 29 | |
| Keep | 1 | |
| Castle | 1 | |
| Blacksmith | 1 | |
| Watch Tower | 1 | |
| Workshop | 3 | |
| Orc Burrow | 1 | |
| Arcane Sanctum | 1 | |
114 total
» build order
00:04 Altar of Kings
00:07 Farm
00:16 Barracks
01:14 Farm
01:32 Arcane Vault
02:47 Farm
03:10 Town Hall
04:35 Scout Tower
04:56 Farm
05:00 Arcane Tower
05:02 Scout Tower
05:42 Arcane Tower
06:04 Scout Tower
06:18 Scout Tower
06:21 Scout Tower
06:41 Arcane Tower
06:43 Lumber Mill
07:21 Guard Tower
07:25 Keep
07:36 Scout Tower
07:43 Farm
08:36 Guard Tower
09:23 Scout Tower
09:26 Scout Tower
09:33 Scout Tower
09:37 Scout Tower
09:44 Scout Tower
09:45 Scout Tower
09:52 Guard Tower
09:53 Guard Tower
10:00 Castle
10:02 Guard Tower
10:09 Guard Tower
10:20 Guard Tower
10:23 Guard Tower
12:51 Blacksmith
13:56 Watch Tower
14:08 Workshop
14:13 Workshop
14:17 Workshop
14:45 Orc Burrow
17:20 Scout Tower
17:21 Scout Tower
17:22 Scout Tower
17:23 Scout Tower
17:25 Scout Tower
17:26 Scout Tower
17:27 Scout Tower
17:28 Scout Tower
17:33 Scout Tower
17:42 Scout Tower
17:52 Guard Tower
17:53 Scout Tower
17:55 Scout Tower
17:57 Guard Tower
17:58 Scout Tower
18:00 Scout Tower
18:01 Scout Tower
18:02 Guard Tower
18:03 Guard Tower
18:17 Guard Tower
18:25 Guard Tower
18:41 Guard Tower
19:06 Farm
19:13 Farm
19:17 Scout Tower
19:18 Scout Tower
20:10 Guard Tower
21:04 Arcane Sanctum
22:39 Scout Tower
22:40 Scout Tower
22:41 Scout Tower
22:43 Scout Tower
22:44 Scout Tower
22:45 Scout Tower
23:18 Guard Tower
23:20 Guard Tower
23:33 Scout Tower
23:35 Guard Tower
23:36 Scout Tower
23:39 Scout Tower
23:42 Guard Tower
24:24 Guard Tower
24:29 Guard Tower
24:30 Guard Tower
28:59 Farm
29:00 Farm
29:01 Farm
45:49 Town Hall
47:40 Scout Tower
47:41 Scout Tower
48:14 Arcane Tower
49:23 Lumber Mill
50:36 Scout Tower
50:36 Scout Tower
51:14 Guard Tower
53:49 Scout Tower
53:50 Scout Tower
53:51 Scout Tower
54:18 Guard Tower
54:19 Guard Tower
54:22 Guard Tower
56:09 Town Hall
56:36 Scout Tower
56:38 Scout Tower
56:39 Scout Tower
57:08 Guard Tower
58:24 Town Hall
61:53 Scout Tower
61:54 Scout Tower
62:01 Scout Tower
62:31 Town Hall
62:34 Town Hall
63:11 Guard Tower
» items
| Scroll of Regeneration | 5 | |
| Scroll of Town Portal | 3 | |
| Periapt of Vitality | 1 | |
| Potion of Lesser Invulnerability | 1 | |
| Orb of Fire | 1 | |
| Potion of Healing | 4 | |
| Mechanical Critter | 1 | |
16 total
Monkey_p_p (
blue | 45 APM | 3065 actions | 67:22)
10 Archmage
3 Summon Water Elemental
3 Brilliance Aura
3 Blizzard
1 Mass Teleport
» actions
| Build / train | 178 | |
| Enter build submenu | 101 | |
| Enter hero's abilities submenu | 10 | |
| Give item / drop item | 1 | |
| Remove unit from queue | 8 | |
| Right click | 1879 | |
| Select / deselect | 703 | |
| Use ability | 185 | |
3065 total
» units
| Peasant | 35 | |
| Footman | 13 | |
| Goblin Shredder | 1 | |
| Goblin Sapper | 1 | |
| Flying Machine | 25 | |
| Knight | 6 | |
| Siege Engine | 4 | |
| Goblin Zeppelin | 1 | |
| Gryphon Rider | 5 | |
91 total
» upgrades
| Lumber Harvesting | 2 | |
| Flak Cannons | 1 | |
| Flying Machine Bombs | 1 | |
| Gunpowder | 3 | |
| Plating | 2 | |
| Masonry | 2 | |
| Barrage | 1 | |
| Swords | 2 | |
| Armor | 1 | |
| Storm Hammers | 1 | |
16 total
» buildings
| Altar of Kings | 4 | |
| Farm | 24 | |
| Barracks | 2 | |
| Keep | 4 | |
| Town Hall | 4 | |
| Scout Tower | 46 | |
| Arcane Tower | 23 | |
| Lumber Mill | 4 | |
| Castle | 2 | |
| Blacksmith | 3 | |
| Workshop | 6 | |
| Arcane Vault | 2 | |
| Guard Tower | 11 | |
| Gryphon Aviary | 3 | |
138 total
» build order
00:08 Altar of Kings
00:29 Farm
00:54 Barracks
01:10 Farm
01:48 Farm
02:34 Farm
04:39 Keep
04:47 Town Hall
04:50 Scout Tower
04:52 Scout Tower
05:07 Scout Tower
05:13 Farm
05:48 Arcane Tower
05:53 Lumber Mill
06:07 Arcane Tower
06:20 Arcane Tower
07:46 Castle
09:03 Blacksmith
10:13 Workshop
10:15 Workshop
11:34 Workshop
11:37 Farm
14:10 Arcane Vault
14:33 Scout Tower
14:46 Farm
14:51 Farm
14:59 Scout Tower
15:00 Scout Tower
15:18 Scout Tower
15:39 Guard Tower
15:46 Farm
15:47 Guard Tower
15:51 Scout Tower
15:54 Scout Tower
16:25 Scout Tower
16:29 Guard Tower
19:11 Guard Tower
19:50 Town Hall
24:42 Scout Tower
24:46 Scout Tower
24:51 Lumber Mill
24:54 Keep
25:34 Altar of Kings
25:36 Farm
25:39 Scout Tower
25:41 Scout Tower
27:26 Guard Tower
27:32 Blacksmith
27:37 Farm
27:39 Farm
27:41 Farm
27:43 Farm
28:30 Farm
28:31 Farm
28:33 Farm
28:50 Workshop
29:20 Workshop
30:00 Workshop
30:39 Farm
31:20 Barracks
33:09 Farm
36:32 Town Hall
37:14 Scout Tower
37:22 Scout Tower
37:59 Guard Tower
38:02 Scout Tower
38:03 Scout Tower
38:56 Guard Tower
39:50 Scout Tower
40:16 Scout Tower
40:19 Arcane Tower
40:22 Scout Tower
40:28 Scout Tower
40:49 Arcane Tower
40:53 Lumber Mill
40:54 Arcane Tower
40:56 Scout Tower
41:01 Scout Tower
41:03 Arcane Tower
41:09 Scout Tower
42:08 Altar of Kings
42:11 Guard Tower
42:12 Guard Tower
42:17 Guard Tower
42:25 Scout Tower
42:31 Scout Tower
42:52 Keep
43:00 Arcane Tower
43:34 Guard Tower
50:35 Town Hall
55:19 Altar of Kings
55:40 Farm
55:56 Scout Tower
56:13 Scout Tower
56:19 Scout Tower
56:27 Arcane Tower
56:32 Scout Tower
56:58 Arcane Tower
57:09 Arcane Tower
57:18 Arcane Tower
57:22 Scout Tower
57:25 Scout Tower
57:36 Scout Tower
58:08 Arcane Tower
58:23 Scout Tower
58:27 Scout Tower
58:31 Scout Tower
58:40 Scout Tower
59:01 Arcane Tower
59:05 Scout Tower
59:08 Arcane Tower
59:11 Scout Tower
59:19 Scout Tower
59:21 Arcane Tower
59:23 Keep
59:46 Arcane Tower
59:49 Arcane Tower
59:53 Scout Tower
59:59 Blacksmith
60:11 Scout Tower
60:51 Arcane Tower
60:54 Arcane Tower
61:03 Arcane Vault
61:13 Scout Tower
61:52 Scout Tower
61:54 Arcane Tower
61:59 Scout Tower
62:02 Castle
62:18 Lumber Mill
62:25 Arcane Tower
62:32 Arcane Tower
63:04 Gryphon Aviary
63:07 Gryphon Aviary
63:12 Gryphon Aviary
64:28 Farm
64:37 Farm
64:48 Farm
66:59 Farm
» items
| Lesser Clarity Potion | 1 | |
| Scroll of Regeneration | 3 | |
| Potion of Healing | 4 | |
| Scroll of Town Portal | 4 | |
12 total
iamnick16 (
purple | 28 APM | 358 actions | 12:42)
2 Blademaster
1 Mirror Image
1 Wind Walk
» actions
| Basic commands | 1 | |
| Build / train | 20 | |
| Enter build submenu | 10 | |
| Enter hero's abilities submenu | 2 | |
| Remove unit from queue | 2 | |
| Right click | 216 | |
| Select / deselect | 94 | |
| Use ability | 13 | |
358 total
» units
| Grunt | 5 | |
| Troll Headhunter/Berserker | 4 | |
| Peon | 3 | |
12 total
» upgrades
» buildings
| Barracks | 1 | |
| Altar of Storms | 1 | |
| War Mill | 1 | |
| Orc Burrow | 2 | |
| Stronghold | 1 | |
| Watch Tower | 1 | |
| Fortress | 1 | |
| Beastiary | 1 | |
9 total
» build order
00:05 Barracks
00:08 Altar of Storms
01:29 War Mill
01:57 Orc Burrow
03:51 Orc Burrow
05:06 Stronghold
06:10 Watch Tower
08:02 Fortress
09:23 Beastiary
Dblbarrels (
orange | 39 APM | 2653 actions | 67:22)
4 Archmage
2 Summon Water Elemental
2 Brilliance Aura
1 Shadow Hunter
1 Healing Wave
5 Paladin
3 Holy Light
2 Divine Shield
2 Blood Mage
1 Flame Strike
1 Siphon Mana
» actions
| Assign group hotkey | 10 | |
| Basic commands | 237 | |
| Build / train | 165 | |
| Enter build submenu | 47 | |
| Enter hero's abilities submenu | 14 | |
| Give item / drop item | 11 | |
| Remove unit from queue | 13 | |
| Right click | 450 | |
| Select / deselect | 729 | |
| Select group hotkey | 817 | |
| Use ability | 159 | |
2653 total
» units
| Peasant | 19 | |
| Footman | 3 | |
| Goblin Shredder | 1 | |
| Peon | 1 | |
| Siege Engine | 9 | |
| Tauren | 2 | |
| Mortar Team | 4 | |
| Flying Machine | 24 | |
| Blue Dragon | 1 | |
| Blue Drake | 1 | |
| Blue Dragon Whelp | 1 | |
66 total
» upgrades
| Pillage | 2 | |
| Masonry | 3 | |
| Armor | 6 | |
| Pulverize | 1 | |
| Lumber Harvesting | 2 | |
| Gunpowder | 3 | |
| Plating | 3 | |
| Barrage | 1 | |
| Fragmentation Shards | 1 | |
| Melee Weapons | 1 | |
| Flare | 1 | |
| Flak Cannons | 1 | |
| Flying Machine Bombs | 1 | |
| Swords | 3 | |
29 total
» buildings
| Altar of Kings | 2 | |
| Farm | 13 | |
| Town Hall | 9 | |
| Barracks | 1 | |
| Arcane Vault | 3 | |
| Lumber Mill | 2 | |
| Tauren Totem | 2 | |
| Keep | 2 | |
| Blacksmith | 2 | |
| Spirit Lodge | 1 | |
| Castle | 2 | |
| Workshop | 5 | |
| Orc Burrow | 1 | |
45 total
» build order
07:29 Altar of Kings
08:25 Farm
09:21 Town Hall
09:42 Farm
10:40 Barracks
11:53 Arcane Vault
14:08 Lumber Mill
15:24 Tauren Totem
15:49 Keep
15:58 Blacksmith
16:30 Tauren Totem
18:04 Spirit Lodge
18:12 Castle
18:21 Workshop
18:47 Orc Burrow
19:22 Workshop
20:44 Workshop
23:04 Town Hall
24:29 Farm
25:12 Farm
27:51 Farm
28:33 Farm
28:36 Farm
31:08 Keep
33:50 Altar of Kings
33:54 Blacksmith
35:08 Farm
35:12 Castle
35:16 Workshop
35:59 Arcane Vault
36:03 Workshop
36:19 Arcane Vault
37:31 Farm
38:04 Farm
38:26 Lumber Mill
38:40 Farm
40:06 Farm
40:56 Farm
42:11 Town Hall
44:53 Town Hall
53:15 Town Hall
56:21 Town Hall
56:59 Town Hall
58:54 Town Hall
59:07 Town Hall
» items
| Scroll of Regeneration | 2 | |
| Potion of Healing | 14 | |
| Scroll of Town Portal | 3 | |
| Orb of Fire | 9 | |
| Lesser Clarity Potion | 9 | |
37 total
team 2 (loser)
tacobellburitos (
pink | 31 APM | 780 actions | 24:58)
7 Mountain King
3 Storm Bolt
3 Bash
1 Avatar
» actions
| Build / train | 99 | |
| Enter build submenu | 25 | |
| Enter hero's abilities submenu | 7 | |
| Give item / drop item | 1 | |
| Right click | 287 | |
| Select / deselect | 305 | |
| Use ability | 56 | |
780 total
» units
| Peasant | 12 | |
| Footman | 11 | |
| Gryphon Rider | 9 | |
| Knight | 6 | |
| Wind Rider | 3 | |
| Goblin Shredder | 1 | |
| Huntress | 10 | |
| Wisp | 2 | |
| Chimaera | 2 | |
| Shaman | 3 | |
59 total
» upgrades
| Masonry | 3 | |
| Defend | 1 | |
| Swords | 3 | |
| Plating | 4 | |
| Gunpowder | 1 | |
| Lumber Harvesting | 2 | |
| Armor | 3 | |
| Storm Hammers | 1 | |
| Moon Armor | 1 | |
| Animal War Training | 1 | |
20 total
» buildings
| Altar of Kings | 1 | |
| Farm | 12 | |
| Lumber Mill | 1 | |
| Scout Tower | 1 | |
| Barracks | 1 | |
| Guard Tower | 1 | |
| Arcane Vault | 1 | |
| Blacksmith | 1 | |
| Keep | 2 | |
| Town Hall | 2 | |
| Castle | 1 | |
| Gryphon Aviary | 2 | |
| Chimaera Roost | 3 | |
29 total
» build order
00:24 Altar of Kings
00:38 Farm
01:11 Lumber Mill
01:16 Farm
01:36 Scout Tower
01:42 Barracks
01:52 Farm
02:16 Guard Tower
02:29 Farm
02:55 Arcane Vault
03:11 Farm
03:21 Blacksmith
03:50 Farm
04:30 Farm
05:16 Keep
08:28 Town Hall
08:37 Castle
09:29 Gryphon Aviary
09:36 Gryphon Aviary
15:41 Farm
15:44 Farm
15:47 Farm
17:41 Town Hall
17:49 Farm
18:43 Chimaera Roost
18:50 Chimaera Roost
18:57 Farm
19:29 Chimaera Roost
21:30 Keep
» items
| Scroll of Regeneration | 1 | |
| Potion of Healing | 1 | |
| Orb of Fire | 1 | |
| Scroll of Town Portal | 1 | |
4 total
Orclover (
teal | 21 APM | 273 actions | 12:56)
2 Priestess of the Moon
1 Trueshot Aura
1 Searing Arrows
» actions
| Build / train | 35 | |
| Enter build submenu | 12 | |
| Enter hero's abilities submenu | 2 | |
| Remove unit from queue | 2 | |
| Right click | 73 | |
| Select / deselect | 136 | |
| Use ability | 12 | |
273 total
» units
» upgrades
| Strength of the Moon | 3 | |
| Moon Armor | 2 | |
| Sentinel | 1 | |
| Upgrade Moon Glaive | 1 | |
7 total
» buildings
| Altar of Elders | 1 | |
| Moon Well | 6 | |
| Ancient of War | 2 | |
| Hunter's Hall | 1 | |
| Tree of Ages | 1 | |
| Tree of Eternity | 1 | |
| Tree of Life | 1 | |
13 total
» build order
00:23 Altar of Elders
00:35 Moon Well
01:30 Moon Well
02:04 Ancient of War
02:15 Hunter's Hall
02:28 Moon Well
03:36 Tree of Ages
05:26 Moon Well
06:26 Tree of Eternity
09:41 Tree of Life
10:17 Ancient of War
12:09 Moon Well
12:12 Moon Well
Gonerich (
yellow | 31 APM | 353 actions | 11:15)
2 Blademaster
1 Wind Walk
1 Mirror Image
» actions
| Basic commands | 5 | |
| Build / train | 32 | |
| Enter build submenu | 12 | |
| Enter hero's abilities submenu | 2 | |
| Remove unit from queue | 1 | |
| Right click | 187 | |
| Select / deselect | 85 | |
| Use ability | 29 | |
353 total
» units
| Peon | 11 | |
| Raider | 6 | |
| Troll Witch Doctor | 1 | |
18 total
» upgrades
| Armor | 2 | |
| Melee Weapons | 2 | |
| Ensnare | 1 | |
| Witch Doctor Training | 2 | |
7 total
» buildings
| Altar of Storms | 1 | |
| Orc Burrow | 5 | |
| Voodoo Lounge | 1 | |
| War Mill | 2 | |
| Stronghold | 1 | |
| Fortress | 1 | |
| Beastiary | 1 | |
| Spirit Lodge | 1 | |
13 total
» build order
00:07 Altar of Storms
00:09 Orc Burrow
00:48 Voodoo Lounge
01:36 War Mill
01:40 War Mill
02:43 Orc Burrow
03:14 Stronghold
04:29 Orc Burrow
04:32 Orc Burrow
05:59 Fortress
06:19 Beastiary
06:25 Spirit Lodge
07:14 Orc Burrow
» items
dRY_bONES (
green | 47 APM | 3133 actions | 67:22)
10 Warden
3 Shadow Strike
3 Blink
1 Spirit of Vengeance
3 Fan of Knives
3 Priestess of the Moon
2 Trueshot Aura
1 Searing Arrows
5 Blademaster
3 Critical Strike
1 Bladestorm
1 Mirror Image
3 Mountain King
3 Thunder Clap
» actions
| Basic commands | 24 | |
| Build / train | 167 | |
| ESC pressed | 3 | |
| Enter build submenu | 28 | |
| Enter hero's abilities submenu | 21 | |
| Right click | 1952 | |
| Select / deselect | 591 | |
| Use ability | 347 | |
3133 total
» units
| Wisp | 7 | |
| Archer | 6 | |
| Huntress | 22 | |
| Hippogryph | 25 | |
| Wind Rider | 17 | |
| Shaman | 11 | |
| Raider | 19 | |
107 total
» upgrades
| Sentinel | 1 | |
| Strength of the Wild | 5 | |
| Reinforced Hides | 2 | |
| Pillage | 1 | |
| Envenomed Spears | 1 | |
| Strength of the Moon | 1 | |
| Moon Armor | 1 | |
| Shaman Training | 2 | |
| Ultravision | 1 | |
| Well Spring | 1 | |
| Upgrade Moon Glaive | 1 | |
| Melee Weapons | 1 | |
| Armor | 1 | |
| Ranged Weapons | 1 | |
| Reinforced Defenses | 1 | |
21 total
» buildings
| Altar of Elders | 2 | |
| Moon Well | 9 | |
| Ancient of War | 1 | |
| Tree of Ages | 1 | |
| Hunter's Hall | 1 | |
| Ancient of Wind | 3 | |
| Tree of Eternity | 2 | |
| Chimaera Roost | 2 | |
| Orc Burrow | 8 | |
| Tree of Life | 3 | |
| Great Hall | 1 | |
| Altar of Storms | 1 | |
34 total
» build order
00:23 Altar of Elders
00:37 Moon Well
01:03 Ancient of War
01:46 Moon Well
02:06 Moon Well
02:55 Moon Well
04:38 Tree of Ages
06:21 Hunter's Hall
07:52 Ancient of Wind
07:56 Ancient of Wind
13:08 Moon Well
14:27 Tree of Eternity
14:28 Tree of Eternity
15:10 Ancient of Wind
18:36 Chimaera Roost
18:40 Chimaera Roost
19:42 Orc Burrow
19:43 Orc Burrow
19:44 Orc Burrow
19:45 Orc Burrow
21:32 Moon Well
21:33 Moon Well
21:33 Moon Well
35:51 Tree of Life
42:35 Great Hall
42:38 Altar of Storms
45:31 Moon Well
46:37 Orc Burrow
46:41 Orc Burrow
47:39 Orc Burrow
48:16 Altar of Elders
50:04 Tree of Life
55:41 Orc Burrow
58:27 Tree of Life
» items
| Healing Salve | 1 | |
| Lesser Clarity Potion | 1 | |
| Scroll of Speed | 1 | |
| Boots of Speed | 1 | |
| Staff of Teleportation | 1 | |
| Dust of Appearance | 1 | |
| Potion of Mana | 1 | |
| Orb of Lightning | 1 | |
| Potion of Healing | 1 | |
9 total
Chat log
(00:11 / Allies) iamnick16: plan
(00:12 / Allies) iamnick16: ?
(00:16 / All) dRY_bONES: wheres the build key....
(00:22 / Allies) iamnick16: ...
(00:36 / Allies) Monkey_p_p: take his mine
(00:39 / Allies) Jaudizlauziadmi: k
(00:47 / Allies) Monkey_p_p: dont kill his men tho
(00:51 / Allies) Jaudizlauziadmi: why?
(01:02 / Allies) Monkey_p_p: cause if he shows up late he can take an expo
(01:10 / Allies) Jaudizlauziadmi: i suppose
(04:02 / Allies) Jaudizlauziadmi: help?
(04:08 / Allies) Monkey_p_p: call to arms
(05:01 / Allies) Monkey_p_p: im coming
(05:28 / Allies) Monkey_p_p: go to the well
(06:01 / Allies) Monkey_p_p: tower up
(06:02 / All) dRY_bONES: heheh
(07:06 / Allies) Jaudizlauziadmi: counter?
(07:07 / Allies) Dblbarrels: well that was a good idea
(07:10 / Allies) iamnick16: yes
(07:14 / Allies) Monkey_p_p: scouting for towers
(07:19 / Allies) Monkey_p_p: hello orange
(07:23 / Allies) Monkey_p_p: thanks for joining
(07:43 / Allies) Dblbarrels: i need my mine back
(07:48 / Allies) Jaudizlauziadmi: stfu
(07:50 / Allies) Jaudizlauziadmi: you were afk
(07:52 / Allies) Jaudizlauziadmi: take an expo
(08:05 / Allies) Monkey_p_p: i will clear on for you
(08:09 / Allies) Dblbarrels: wi
(09:02 / Allies) Dblbarrels: need gold
(09:20 / Allies) Monkey_p_p: tower up
(09:22 / Allies) Monkey_p_p: i am going for air
(09:30 / Allies) Monkey_p_p: they got mad hunts
(10:56 / Allies) Jaudizlauziadmi: no help?
(11:15 / All) dRY_bONES: yh
(11:49 / Allies) Monkey_p_p: cancel your castle
(12:07 / Allies) Jaudizlauziadmi: it won't go down
(12:44 / Allies) Jaudizlauziadmi: don't lag out wtf
(12:48 / All) Jaudizlauziadmi: lag everywhere
(14:14 / Allies) Monkey_p_p: on the way
(15:02 / Allies) Dblbarrels: tauren lust?
(15:06 / Allies) Monkey_p_p: yea
(17:13 / All) Monkey_p_p: LOL
(17:15 / All) Jaudizlauziadmi: laggiest match I've had in a while
(17:18 / All) dRY_bONES: you guys can have it if he goes
(19:36 / Allies) Monkey_p_p: i need another mine
(19:41 / Allies) Jaudizlauziadmi: take that
(21:46 / Allies) Monkey_p_p: my town damn
(22:24 / Allies) Monkey_p_p: tower the fuck up
(22:26 / Allies) Jaudizlauziadmi: wow
(22:28 / Allies) Monkey_p_p: let it die
(24:16 / Allies) Jaudizlauziadmi: wood me if you can
(24:48 / All) Monkey_p_p: you laggty bitch
(24:48 / Allies) Monkey_p_p: yea
(24:51 / Allies) Jaudizlauziadmi: k thanks
(24:58 / Allies) Monkey_p_p: bout to go for another
(24:59 / Allies) Jaudizlauziadmi: gj
(25:14 / Allies) Jaudizlauziadmi: i need wood
(27:19 / Allies) Dblbarrels: suicide?/
(27:45 / Allies) Jaudizlauziadmi: where did all of their air go? wtf
(28:44 / Allies) Monkey_p_p: they are all waiting there
(29:30 / Allies) Monkey_p_p: i am hurring with copters
(29:51 / Allies) Monkey_p_p: need gold
(30:39 / All) dRY_bONES: can i win now?
(34:59 / All) dRY_bONES: can i win now?
(35:48 / Allies) Dblbarrels: more tanks coming
(36:22 / Allies) Monkey_p_p: i am going to scout
(36:25 / Allies) Jaudizlauziadmi: k
(36:37 / Allies) Jaudizlauziadmi: don't think they have any expos but they might try to take one now
(36:44 / Allies) Jaudizlauziadmi: this is a weird match
(36:51 / Allies) Monkey_p_p: yea
(37:40 / Allies) Jaudizlauziadmi: got his bm!
(37:45 / Allies) Monkey_p_p: focus fire
(38:01 / Allies) Jaudizlauziadmi: got all the melee targeted
(38:24 / Allies) Jaudizlauziadmi: mass tp
(38:25 / Allies) Jaudizlauziadmi: asap
(38:45 / Allies) Jaudizlauziadmi: come
(39:43 / All) dRY_bONES: blue we've played together before right?
(39:54 / Allies) Monkey_p_p: probably
(41:39 / Allies) Monkey_p_p: lol
(41:44 / Allies) Jaudizlauziadmi: ?
(41:52 / Allies) Monkey_p_p: just this game
(41:56 / Allies) Jaudizlauziadmi: yeah weird as hell
(41:58 / Allies) Monkey_p_p: take that out
(43:23 / Allies) Monkey_p_p: take his shout out fast
(43:33 / Allies) Jaudizlauziadmi: can we take their army? half of it is hippos that cant hit ground
(43:37 / Allies) Jaudizlauziadmi: they have no expos just their base
(43:41 / Allies) Jaudizlauziadmi: if we can kill all their stuff we win
(43:46 / Allies) Monkey_p_p: make sure you scout it all
(43:48 / Allies) Monkey_p_p: he got my ass
(44:12 / Allies) Monkey_p_p: kill his wisps
(44:19 / Allies) Monkey_p_p: put tanks on buildings
(44:23 / Allies) Monkey_p_p: the air cant hurt you
(44:34 / Allies) Monkey_p_p: attack the buildings and wisps
(45:01 / Allies) Jaudizlauziadmi: kill all buildings if you can
(45:05 / Allies) Jaudizlauziadmi: if they cant kill you fast enough
(45:16 / Allies) Monkey_p_p: gotta kill the wisps
(46:10 / Allies) Monkey_p_p: use them to scout
(46:14 / Allies) Jaudizlauziadmi: i think we have this won due to our income, but not sure
(46:53 / Allies) Jaudizlauziadmi: they are making burrows
(47:17 / Allies) Monkey_p_p: yea
(47:19 / Allies) Monkey_p_p: they got to
(47:23 / Allies) Monkey_p_p: so he can get his hero back
(47:25 / Allies) Jaudizlauziadmi: they have no income thank god
(47:27 / Allies) Monkey_p_p: have to kill peons
(47:37 / Allies) Monkey_p_p: his raiders will make him money
(47:45 / Allies) Jaudizlauziadmi: if he gets our buildings
(48:11 / Allies) Monkey_p_p: shit
(48:17 / Allies) Monkey_p_p: i got one peon and he is stuck
(48:27 / Allies) Jaudizlauziadmi: where?
(48:33 / Allies) Monkey_p_p: did you get all greens hips
(48:43 / Allies) Monkey_p_p: i am trying to hide him
(48:43 / All) dRY_bONES: anything else?
(48:53 / All) Monkey_p_p: who
(48:58 / All) Jaudizlauziadmi: no we have nothing :(
(49:01 / All) dRY_bONES: whoevers left
(49:01 / All) Jaudizlauziadmi: just our last buildings
(49:08 / Allies) Jaudizlauziadmi: trying to make him overconfident
(49:16 / All) Jaudizlauziadmi: cant believe we lost this
(49:19 / Allies) Monkey_p_p: shit they on the come back
(49:24 / Allies) Monkey_p_p: gotta kill the wisps
(49:29 / Allies) Monkey_p_p: take green out the game
(49:38 / Allies) Jaudizlauziadmi: once they leave their base we could hit them
(49:41 / Allies) Jaudizlauziadmi: got my sheep there for mass tp
(49:46 / All) dRY_bONES: it was a tug of war alright
(50:00 / All) Jaudizlauziadmi: fun match, weird as hell
(50:01 / Allies) Monkey_p_p: hit them with enough air
(50:09 / Allies) Monkey_p_p: can i get some gold so i can build
(50:31 / Allies) Jaudizlauziadmi: forgot i had my main production at my old base
(51:01 / Allies) Monkey_p_p: you need invisable morts
(51:09 / Allies) Jaudizlauziadmi: good idea
(52:36 / Allies) Jaudizlauziadmi: getting invisimort
(52:56 / Allies) Monkey_p_p: build here guys
(53:06 / Allies) Monkey_p_p: use those mines up
(53:17 / Allies) Jaudizlauziadmi: going to hit in a sec
(53:19 / Allies) Jaudizlauziadmi: all or nothing
(53:40 / Allies) Monkey_p_p: take out the wisps
(54:26 / Allies) Jaudizlauziadmi: careful oj
(54:48 / Allies) Jaudizlauziadmi: i hope to god this works
(54:59 / Allies) Monkey_p_p: ta
(55:04 / Allies) Monkey_p_p: out out
(57:49 / Allies) Monkey_p_p: it is just one guy
(58:11 / Allies) Jaudizlauziadmi: anyone able to spare about 100 gold?
(58:16 / Allies) Jaudizlauziadmi: for a hall
(58:19 / Allies) Jaudizlauziadmi: thanks
(58:42 / Allies) Jaudizlauziadmi: they found my sheep :(
(59:35 / Allies) Jaudizlauziadmi: this is funny, they just have like 10 buildings and we can't take them
(61:20 / Allies) Jaudizlauziadmi: CAREFUL
(61:43 / All) Monkey_p_p: green you are good
(61:56 / All) dRY_bONES: aye
(62:09 / All) Jaudizlauziadmi: I think I've played him before. His name is familiar
(62:38 / All) dRY_bONES: hi red
(62:42 / All) dRY_bONES: no need to be invis
(62:43 / All) Jaudizlauziadmi: ?
(62:48 / All) dRY_bONES: i got a sent there
(62:52 / Allies) Monkey_p_p: he got a word or something
(62:53 / All) Jaudizlauziadmi: oh lol
(63:19 / Allies) Monkey_p_p: i am making gryphs
(63:22 / Allies) Jaudizlauziadmi: k
(63:24 / Allies) Monkey_p_p: i will get his ass
(63:40 / Allies) Monkey_p_p: need some wood
(63:53 / Allies) Jaudizlauziadmi: merry christmas
(63:55 / Allies) Monkey_p_p: ty
(65:45 / All) Jaudizlauziadmi: can I have my win yet?
(66:03 / All) Monkey_p_p: my air is here
(67:19 / All) Jaudizlauziadmi: fun game